 Dungeon Crawl Stone Soup version 0.29-a0-284-gf9362112df (webtiles) character file.

Game seed: 17847493524831184496

2 spaghetti the Sneak (level 1, -3/18 HPs)
             Began as a Demonspawn Delver on Mar 25, 2022.
             Killed from afar by a white imp (12 damage)
             ... with a puff of frost
             ... on level 7 of the Dungeon.
             The game lasted 00:01:39 (688 turns).

spaghetti the Sneak (Demonspawn Delver)              Turns: 688, Time: 00:01:39

Health: -3/18      AC:  3    Str: 12    XL:     1   Next: 25%
Magic:  0/1        EV: 11    Int: 11    God:
Gold:   43         SH:  0    Dex: 14    Spells: 0/0 levels left

rFire   . . .      SeeInvis .   a - +0 short sword {short}
rCold   . . .      Faith    .   (no shield)
rNeg    . . .      Spirit   +   b - +0 leather armour
rPois   .          Reflect  .   (no helmet)
rElec   .          Harm     .   (no cloak)
rCorr   .          Rampage  .   (no gloves)
Will    .....                   (no boots)
Stlth   +++.......              e - amulet of guardian spirit
HPRegen 0.06/turn               (no ring)
MPRegen 0.07/turn               (no ring)

@: about to teleport
A: no striking features
a: no special abilities


You were on level 7 of the Dungeon.
You visited 1 branch of the dungeon, and saw 3 of its levels.

You collected 43 gold pieces.


   Skills:
 - Level 3.0 Fighting
 - Level 1.7 Short Blades
 - Level 1.7 Dodging
 + Level 4.6 Stealth


You couldn't memorise any spells.
You didn't know any spells.
Your spell library was empty.

Inventory:

Hand Weapons
 a - a +0 short sword (weapon) {short}
Armour
 b - a +0 leather armour (worn)
Jewellery
 e - an amulet of guardian spirit (around neck)
   (You found it on level 7 of the Dungeon)
Wands
 g - a wand of digging (3)
Scrolls
 c - a scroll of fog
 d - a scroll of magic mapping {!r}

Dungeon Overview and Level Annotations

Branches:
Dungeon (7/15)
 Temple: D:4-7

Altars:

##.# #.#.................$.# ##.#
#.#.########.##.#.###Y# ##..
..#.# #......# #.# #### ####+#
####...###.# # ##...# #.......#
#### #.....# #####.##### ##.##
.......## ##.#.......#
#...####.........####......###.#
.......+......lo@+.........###ยง#
#...####........5####.......##Y#
##.## .......## ##.......#.# ...#
#.....# ##.....##.# ##.# ##...#
##.......# .#.# ##'# ##.######
##.# #.### #.# ##.#
#...##########.# ##.#
##..............#


You could see a wyvern, a white imp and an orc.


Message History

You close the door.
A sky beast comes into view.
A sky beast is nearby!
You see here 10 gold pieces.
The sky beast flickers out of sight!
Deactivating autopickup; reactivate with Ctrl-A.
A sky beast appears from thin air!
Reactivating autopickup.
The sky beast flickers out of sight!
Deactivating autopickup; reactivate with Ctrl-A.
A sky beast appears from thin air!
Reactivating autopickup.
The sky beast flickers out of sight!
Deactivating autopickup; reactivate with Ctrl-A.
A sky beast appears from thin air!
Reactivating autopickup.
You see here an amulet of guardian spirit.
e - an amulet of guardian spirit You start putting on your amulet.
You continue putting on your amulet of guardian spirit. x2
The sky beast hits you but does no damage.
Keep equipping yourself?
Uppercase [Y]es or [N]o only, please.
Keep equipping yourself?
You continue putting on your amulet of guardian spirit.
The sky beast hits you but does no damage.
You continue putting on your amulet of guardian spirit.
The sky beast flickers out of sight!
Deactivating autopickup; reactivate with Ctrl-A.
Something hits you. Something shocks you.
You continue putting on your amulet of guardian spirit.
Something hits you.
* * * LOW HITPOINT WARNING * * *
Something shocks you.
* * * LOW HITPOINT WARNING * * *
You finish putting on your amulet of guardian spirit.
You feel your power drawn to a protective spirit.
e - an amulet of guardian spirit (around neck) ๐Ÿ˜ฑ HP[-15]
You take 15 damage, and now have 3/18 hp.
MASSIVE DAMAGE!! (PAUSE) Unknown command.
Unknown command.
You feel yourself speed up.
Something hits you but does no damage. ๐Ÿ˜ฑ HP[+1] Unknown command.
A sky beast appears from thin air!
Reactivating autopickup.
The helpless orc fails to defend itself.
You puncture the orc!
You kill the orc! ๐Ÿ˜จ HP[+1]
There is a stone staircase leading up here.
Your extra speed is starting to run out.
f - 2 scrolls labelled JASHYNLAME
There are no items here. ๐Ÿ˜จ HP[+1]
As you read the scroll labelled JASHYNLAME, it crumbles to dust.
You feel strangely unstable.
It was a scroll of teleportation.
You feel yourself slow down.
Unknown command.
Unknown command.
Unknown command.
Your surroundings suddenly seem different.
Unknown command.
Unknown command.
Unknown command. ๐Ÿ˜จ HP[+1]
You start resting.
A hound comes into view. ๐Ÿ˜ฎ HP[+6]
You regained 6 hp, and now have 13/18 hp. ๐Ÿ˜• HP[+1]
You open the door.
A white imp comes into view.
The white imp gestures at you. The puff of frost misses you.
There is an open door here.
The wyvern hisses angrily.
The orc shouts!
You close the door.
As you read the scroll of teleportation {@r4}, it crumbles to dust.
You feel strangely unstable. The white imp hits you. The white imp freezes you.
* * * LOW HITPOINT WARNING * * *
The orc barely misses you. ๐Ÿ˜จ HP[-5]
You take 5 damage, and now have 9/18 hp.
MASSIVE DAMAGE!! (PAUSE) Unknown command.
Unknown command.
You aren't carrying any potions.
As you read the scroll labelled OMIPAMMURCH, it crumbles to dust.
You hear a loud clanging noise!
It was a scroll of noise.
You hear a bark!
You hear a shout! x2
The white imp gestures at you. The puff of frost hits you!
Ouch! That really hurt!
You die...

Action                   || total
-------------------------++-------
Melee: Short sword       ||     3
  Use: Scroll            ||     4
       Potion            ||     1
 Stab: Sleeping          ||     1
Armor: Leather armour    ||     4
Dodge: Dodged            ||     3

Levels and vault maps discovered:
D:5:      layout_loops_ring, minmay_temple_entry_grid, serial_shops,
          nicolae_shop_trees
D:6:      layout_loops_ring, nicolae_tso_besieged_by_evil,
          mainiacjoe_overflow_24_doors, serial_bayou_lagoon_a, uniq_duvessa,
          uniq_eustachio, uniq_grinder, uniq_crazy_yiuf_cottage
D:7:      layout_loops_corners, mainiacjoe_overflow_big_doors,
          nemelex_xobeh_ov_fountains_minmay, grunt_decor_one_mirror,
          nrook_mini_vaults, uniq_joseph

Notes
Turn   | Place    | Note
-------+----------+-------------------------------------------
     0 | D:5      | spaghetti the Demonspawn Delver began the quest for the
                  | Orb.
     0 | D:5      | Reached XP level 1. HP: 18/18 MP: 1/1
     0 | D:5      | magus.rc [v1.9.6]
    23 | D:5      | Noticed a scorpion
   119 | D:5      | Noticed a hound
   180 | D:6      | Noticed a jelly
   387 | D:7      | Noticed a wyvern
   429 | D:7      | Noticed a sky beast
   498 | D:7      | HP: 3/18 [something (5)]
   671 | D:7      | Noticed a hound
   688 | D:7      | Killed from afar by a white imp

Vanquished Creatures
  An orc (D:7)
1 creature vanquished.

Table legend:
 A = Non-vault XP
 B = Vault XP
 C = Vault XP percentage of total XP
 D = Non-vault monster count
 E = Vault monster count
 F = Vault count percentage of total count
                 A         B        C        D         E       F
            +---------+---------+-------+---------+---------+-------
      Total |       3 |       0 |   0.0 |       1 |       0 |   0.0
            +---------+---------+-------+---------+---------+-------
        D:7 |       3 |       0 |   0.0 |       1 |       0 |   0.0
            +---------+---------+-------+---------+---------+-------

Illustrated notes

Table legend:
 A = Kills in this place as a percentage of kills in entire the game.
 B = Kills by you in this place as a percentage of kills by you in the entire game.
 C = Kills by friends in this place as a percentage of kills by friends in the entire game.
 D = Other kills in this place as a percentage of other kills in the entire game.
 E = Experience gained in this place as a percentage of experience gained in the entire game.
 F = Experience gained in this place divided by the number of levels of this place that you have seen.
                   A       B       C       D       E      F
               +-------+-------+-------+-------+-------+----------------------
         Total | 100.0 | 100.0 |   N/A |   N/A | 100.0 |   1.0
       Dungeon | 100.0 | 100.0 |   N/A |   N/A | 100.0 |   1.0
               +-------+-------+-------+-------+-------+----------------------

Table legend: (Time is in decaauts)
 A = Elapsed time spent in this place.
 B = Non-inter-level travel time spent in this place.
 C = Inter-level travel time spent in this place.
 D = Time resting spent in this place.
 E = Time spent auto-exploring this place.
 F = Levels seen in this place.
 G = Mean time per level.
                   A        B        C        D        E       F      G
               +--------+--------+--------+--------+--------+-----+--------+
         Total |    671 |    638 |     33 |    272 |    116 |   3 |  223.7 |
       Dungeon |    671 |    638 |     33 |    272 |    116 |   3 |  223.7 |
               +--------+--------+--------+--------+--------+-----+--------+

Top non-repeatable levels by time:
     D:7: 488 daAuts
     D:5: 167 daAuts
     D:6: 15 daAuts
